[Event "1st Serbian League 2022"]
[Site "Vrnjacka Banja"]
[Date "2022.09.20"]
[Round "1.1"]
[White "Sanal, Vahap"]
[Black "Tadic, Stefan"]
[Result "1-0"]
[ECO "C55"]
[WhiteElo "2595"]
[BlackElo "2318"]
[Annotator "TA"]
[PlyCount "69"]
[EventDate "2022.09.20"]
[EventType "team-tourn"]
[EventCountry "SRB"]
[SourceTitle "playchess.com"]
[Source "ChessBase"]
[SourceQuality "1"]
[TimeControl "40/5400+30:1800+30"]

1. e4 e5 2. Nf3 Nc6 3. Bc4 Nf6 4. d3 Be7 5. O-O O-O 6. a4 d5 7. exd5 Nxd5 {[%emt 0:00:06] RECAPT} 8. Re1 {[%emt 0:00:18] CPLX 2.4 27 (h2-h3) (=27). C55: Two Knights: 4 d3, 4 d4 exd4 5 e5 and Max Lange Attack.} Bg4 {[%emt 0:01:30] EASY} 9. h3 {[%emt 0:02:00] CPLX 2.8 16 (a4-a5) (=22)} Bh5 {[%emt 0:03:20] [#] CPLX 3.0 47 (Bg4xf3) (=16)} (9... Bxf3 $11 10. Qxf3 Nb6) 10. a5 $146 {[%emt 0:17:45] MISS-g2-g4 20 (g2-g4) (=21). White is slightly better.} (10. g4 $5 Bg6 11. Nxe5 $14) ({Predecessor:} 10. Nbd2 Nb6 11. Ba2 a5 12. Nf1 Bc5 13. Ng3 Bg6 14. Be3 Bb4 15. c3 Be7 16. Bxb6 cxb6 17. Nxe5 Nxe5 18. Rxe5 {1-0 (49) Feller,S (2568)-Gatineau,Y (2423) Playchess.com INT 2021}) 10... f6 {[%emt 0:33:17] BESTDEEP} 11. c3 {[%emt 0:03:26] BESTDEEP} Kh8 {[%emt 0:08:49] [#] CPLX 3.0 67 (Ra8-b8) (=23)} ({Better is} 11... Rb8 $14) 12. Qb3 $1 $16 {[%emt 0:04:30][%csl LRb7,LRd5] DEEPSTRONG} Nf4 {[%emt 0:09:41] MISS-Bh5xf3 3 (Bh5xf3) (=20)} 13. Bxf4 {[%emt 0:10:22] EASY} exf4 {[%emt 0:02:20] RECAPT} 14. Nbd2 {[%emt 0:02:16] CPLX 2.7} (14. Qxb7 Bxf3 15. gxf3 Ne5 $14) 14... Rb8 {[%emt 0:02:45] CPLX 2.7} 15. Qa4 {[%emt 0:09:04] CPLX 2.7 18 (Bc4-d5) (=10)} Bd6 {[%emt 0:01:15] CPLX 2.8} 16. d4 {[%emt 0:01:46] Inhibits Ne5. CPLX 2.7} Ne7 {[%emt 0:01:16] BESTDEEP} 17. b4 {[%emt 0:05:39] White is more active. CPLX 2.7 5 (Qa4-b5) (=9)} c6 {[%emt 0:02:56] CPLX 2.7} 18. Qb3 {[%emt 0:01:03] CPLX 2.8} Qc7 {[%emt 0:04:03][%cal Oe7d5] CPLX 2.7 15 (b7-b6) (=11)} 19. Re6 {[%emt 0:01:06] RELBLUND 64 (Bc4-e6) (=13)} (19. Be6 $16) 19... Rbd8 {[%emt 0:02:48][%cal Oe7d5] CPLX 2.7 35 (b7-b5) (=13)} 20. Rae1 {[%emt 0:02:30] CPLX 2.7 19 (b4-b5) (=13)} (20. b5 $5 ) 20... Nd5 {[%emt 0:00:44] BESTDEEP} 21. R6e2 {[%emt 0:06:01] BESTDEEP} ({Much worse is} 21. Bxd5 cxd5 22. Qxd5 Bf7 $11) 21... Bf7 {[%emt 0:03:25] CPLX 2.7 18 (Qc7-d7) (=12)} 22. Qc2 {[%emt 0:00:30] CPLX 2.6 46 (Nd2-e4) (=14)} (22. Ne4 $14) 22... b6 $11 {[%emt 0:00:36] BESTDEEP} 23. axb6 {[%emt 0:00:19] CPLX 3.0 0 (Re1-a1) (=13)} axb6 {[%emt 0:00:11] RECAPT} 24. Bd3 {[%emt 0:00:13] CPLX 2.8 0 (Bc4-b3) (=13)} Bg8 {[%emt 0:01:34] CPLX 2.7 0 (b6-b5) (=10)} 25. Bf5 {[%emt 0:04:07] CPLX 2.5 0 (Nd2-c4) (=12)} c5 {[%emt 0:03:09] CPLX 2.6 42 (b6-b5) (=12)} 26. dxc5 {[%emt 0:00:52] CPLX 2.9} bxc5 {[%emt 0:00:10] RECAPT} 27. b5 {[%emt 0:00:11] EASY} c4 {[%emt 0:02:56] CPLX 2.7 2 (Qc7-a5) (=11)} 28. Nd4 {[%emt 0:06:50][%cal Bf3d4,Bd4c6,Bc6d8][%mdl 32] CPLX 2.6} Be5 {[%emt 0:01:18] CPLX 2.7 19 (Bd6-c5) (=11)} 29. N2f3 {[%emt 0:01:46][%cal Rf3e5] Pair of Knights! CPLX 2.8 30 (Nd4-c6) (=11)} (29. Nc6 $5 ) 29... Qb6 $2 {[%emt 0:01:35] This costs Black the game. MISSDEEP-Be5xd4 182 (Be5xd4) (=19)} (29... Bxd4 $11 30. Nxd4 f3 31. Nxf3 (31. gxf3 g6 $14) 31... Qa5) 30. Nxe5 $18 {[%emt 0:01:06] EASY} fxe5 {[%emt 0:00:02] RECAPT} 31. Rxe5 {[%emt 0:01:29][%cal Be2e5,Be5e8,Be8f8][%mdl 32] Black must now prevent Ne6. RECAPT} Nxc3 $2 {[%emt 0:03:09] CPLX 2.9 280 (f4-f3) (=28)} (31... f3 {keeps fighting.}) 32. Nc6 {[%emt 0:02:22] EASY. White is clearly winning.} ({Weaker is} 32. Qxc3 Rxd4 33. Be6 h6 $16) 32... Nxb5 {[%emt 0:03:01] CPLX 4.2 212 (Rd8-d5) (=35)} (32... Rd5 $142 33. Qxc3 Rxb5 34. Rxb5 Qxb5) 33. Nxd8 {[%emt 0:00:49] EASY} Nd4 {[%emt 0:00:01] [#] EVAL 231 (Rf8xd8) (=43)} 34. Re8 $1 {[%emt 0:02:32] White threatens Nf7+ and mate. EVAL} Nxc2 {[%emt 0:01:17] EVAL 49 (Qb6-f6) (=43)} 35. Rxf8 {[%emt 0:00:03] Weighted Error Value: White=0.12 (very precise) /Black=0.49} 1-0

[Event "1st Serbian League 2022"]
[Site "Vrnjacka Banja"]
[Date "2022.09.20"]
[Round "1.2"]
[White "Ivanovic, Marko"]
[Black "Gurel, Ediz"]
[Result "1-0"]
[ECO "B48"]
[WhiteElo "2265"]
[BlackElo "2437"]
[Annotator "ChessBase"]
[PlyCount "81"]
[EventDate "2022.09.20"]
[EventType "team-tourn"]
[EventCountry "SRB"]
[SourceTitle "playchess.com"]
[Source "ChessBase"]
[SourceQuality "1"]
[TimeControl "40/5400+30:1800+30"]

1. e4 c5 2. Nf3 e6 3. d4 cxd4 4. Nxd4 Nc6 5. Nc3 Qc7 6. Be3 Nf6 7. Qf3 a6 8. O-O-O Ne5 9. Qg3 h5 10. f4 Neg4 11. Bg1 b5 12. Bxb5 axb5 13. Ndxb5 Qb8 14. h3 Nxe4 15. Nxe4 Qxb5 16. Nc3 Qc6 17. hxg4 Bb7 18. Qd3 Bb4 19. Bd4 Bxc3 20. Bxc3 Rxa2 21. Kb1 Ra4 22. gxh5 Qd5 23. Qxd5 Bxd5 24. Bxg7 Rh7 25. h6 Rxf4 26. Rhg1 Rf2 27. g4 Be4 28. Rc1 Bg6 29. g5 d5 30. Rg3 Kd7 31. b4 Kc6 32. Kb2 Re2 33. Kb3 e5 34. Rc3+ Kb6 35. Rc5 Bf5 36. Rf1 Bg6 37. Rf6+ Kb7 38. Rd6 d4 39. b5 Re1 40. Bxe5 Rb1+ 41. Ka2 1-0

[Event "1st Serbian League 2022"]
[Site "Vrnjacka Banja"]
[Date "2022.09.20"]
[Round "1.3"]
[White "Markus, Robert"]
[Black "Sarenac, Ivan"]
[Result "1-0"]
[ECO "E06"]
[WhiteElo "2615"]
[BlackElo "2402"]
[Annotator "TA"]
[PlyCount "101"]
[EventDate "2022.09.20"]
[EventType "team-tourn"]
[EventCountry "SRB"]
[SourceTitle "playchess.com"]
[Source "ChessBase"]
[SourceQuality "1"]
[TimeControl "40/5400+30:1800+30"]

1. d4 d5 2. c4 e6 3. Nf3 Be7 4. g3 Nf6 5. Bg2 O-O 6. b3 {[%emt 0:00:39] E06: Closed Catalan: Early deviations.} c5 {[%emt 0:03:23] CPLX 2.0 8 (d5xc4) (=4)} 7. O-O {[%emt 0:06:11] CPLX 2.2 19 (c4xd5) (=10)} cxd4 {[%emt 0:05:06] CPLX 2.1 19 (d5xc4) (=9)} 8. cxd5 {[%emt 0:02:53] CPLX 2.2. The position is equal.} Nxd5 {[%emt 0:01:24] RECAPT 27 (Qd8xd5) (=14)} 9. Nxd4 {[%emt 0:00:08] CPLX 2.2 9 (Bc1-b2) (=7)} Bf6 {[%emt 0:11:25] CPLX 2.2 16 (Qd8-a5) (=14)} 10. Bb2 {[%emt 0:01:48] BESTDEEP} Qb6 {[%emt 0:04:07] CPLX 2.5 36 (Bc8-d7) (=18)} 11. Na3 {[%emt 0:06:44] BESTDEEP} Rd8 {[%emt 0:10:37] CPLX 2.6 0 (Nb8-c6) (=15)} 12. Nc4 {[%emt 0:02:34] EASY} Qa6 {[%emt 0:15:03] ...Nb6 is the strong threat. BESTDEEP} 13. Qc1 {[%emt 0:23:12] [#] BESTDEEP} Bd7 $146 {[%emt 0:16:18] CPLX 2.9 57 (Nd5-b6) (=18)} (13... Nb6 $142) ({Predecessor:} 13... Nb6 14. Rd1 Bd7 15. Nd6 Nd5 16. N4f5 Bxb2 17. Qxb2 f6 18. Rxd5 exf5 19. Nxf5 Nc6 20. Nxg7 Kxg7 21. Rd6 Ne5 22. Rxa6 {1-0 (22) Kalinitschew,S (2423)-Nekrasov,M (2359) Templin 2017}) 14. a4 {[%emt 0:09:31] CPLX 2.8 7 (Rf1-d1) (=4)} Be8 {[%emt 0:21:58] CPLX 2.8 50 (Bf6-e7) (=21)} (14... Be7 $16) 15. Rd1 $1 $18 {[%emt 0:03:04][%cal Od4b5] DEEPSTRONG} Nd7 {[%emt 0:04:42] CPLX 2.8 93 (Bf6-e7) (=28)} (15... Be7 $142 16. Nf5 exf5) 16. Nb5 {[%emt 0:10:36] CPLX 2.7 63 (e2-e4) (=9)} Rac8 {[%emt 0:00:23][%cal Od7e5] CPLX 2.8 64 (Ra8-b8) (=31)} 17. Bxd5 $2 {[%emt 0:08:13] CPLX 3.0 171 (e2-e4) (=22)} (17. e4 $18) 17... exd5 $16 {[%emt 0:00:04] RECAPT} 18. Rxd5 {[%emt 0:00:04] Strongly threatening Rd6. RECAPT} Qe6 {[%emt 0:02:09] CPLX 3.1} 19. Bxf6 $1 {[%emt 0:05:27] White has more active pieces. CPLX 3.3} Nxf6 {[%emt 0:00:12] RECAPT} 20. Rxd8 {[%emt 0:00:28] EASY} Rxd8 {[%emt 0:00:02] RECAPT} 21. Qe3 {[%emt 0:00:07] CPLX 2.3 0 (Nb5-c3) (=17)} (21. Nxa7 $6 Qxe2 22. Rb1 Qh5 $11) 21... Qh3 {[%emt 0:00:25] ( -> ...Ng4). CPLX 2.6} 22. f3 {[%emt 0:01:40] Prevents Ng4. CPLX 3.2} Bc6 {[%emt 0:00:14][%cal Of6g4] White must now prevent ...Ng4! BESTDEEP} 23. Qf2 {[%emt 0:04:58] BESTDEEP} (23. Qxa7 Ng4 $1 24. e4 Qxh2+ 25. Kf1 Qh1+ 26. Ke2 Qg2+ 27. Ke1 Qxg3+ 28. Ke2 Qg2+ 29. Ke1 Qg3+ 30. Ke2 Bxe4 $1 31. fxe4 Qg2+ 32. Ke1 Qxe4+ 33. Ne3 Qb4+ 34. Nc3 Qxc3+ 35. Ke2 Re8 36. Ra2 Rxe3+) 23... a6 {[%emt 0:00:16] CPLX 2.6 22 (Bc6xb5) (=21)} 24. Nc3 {[%emt 0:10:29][%cal Bb5c3,Bc3d1,Bd1b2][%mdl 32] CPLX 2.6 18 (Nb5-d4) (=15)} h5 {[%emt 0:00:55][%cal Oh5h4] BESTDEEP} 25. Rd1 {[%emt 0:00:00] CPLX 2.4 45 (Ra1-e1) (=17)} Rxd1+ {[%emt 0:01:38] EASY} 26. Nxd1 {[%emt 0:00:00] RECAPT} Qd7 {[%emt 0:00:03] CPLX 2.0 28 (Qh3-f5) (=19)} 27. Ndb2 {[%emt 0:00:00] BESTDEEP} b5 {[%emt 0:00:23] CPLX 2.0} 28. axb5 {[%emt 0:00:00] BESTDEEP} axb5 {[%emt 0:00:08] RECAPT 31 (Bc6xb5) (=19)} 29. Ne5 {[%emt 0:00:00] CPLX 2.2} Qd2 {[%emt 0:00:17] CPLX 2.3 8 (Qd7-e6) (=18)} 30. Nxc6 {[%emt 0:00:00] Hoping for Nd3. DEEPSTRONG} Qxb2 {[%emt 0:00:30][%mdl 4096] Endgame KQN-KQN. BESTDEEP} 31. Qe3 {[%emt 0:00:00] Inhibits Qc1+. CPLX 2.0} g6 {[%emt 0:01:36] CPLX 2.0 81 (Qb2-c2) (=20)} (31... Qc2 $16) 32. Nd4 $18 {[%emt 0:00:07] CPLX 2.0} b4 {[%emt 0:00:58] CPLX 2.0 46 (h5-h4) (=21)} 33. h4 {[%emt 0:00:25] CPLX 2.0 140 (Qe3-e5) (=17)} (33. Qe5 $18 {is more deadly.} Qa1+ 34. Kg2) 33... Qa2 {[%emt 0:01:01] CPLX 2.0 115 (Qb2-a1) (=24)} (33... Qa1+ $16 {was worth a try.} 34. Kf2 Qa5) 34. Kf2 {[%emt 0:01:20] CPLX 2.0 71 (Qe3-e5) (=19)} Qa6 {[%emt 0:00:14] CPLX 2.0 24 (Qa2-a5) (=24)} 35. Nc2 $1 {[%emt 0:01:03] CPLX 2.0} Qb5 {[%emt 0:00:42] CPLX 2.0 7 (Qa6-a5) (=24)} 36. Qd4 {[%emt 0:01:05][%csl LRb4,LRf6] CPLX 2.0} Nd5 {[%emt 0:00:28] [#] EASY} 37. Ne1 $1 {[%emt 0:00:21] DEEPSTRONG} Nc3 {[%emt 0:00:27] [#] BESTDEEP} 38. Nd3 {[%emt 0:00:04] CPLX 3.7 75 (Qd4-d8) (=19)} (38. Qd8+ $1 $18 Kh7 39. Nd3) 38... Qe8 $16 {[%emt 0:00:28] CPLX 3.2} 39. Qe5 {[%emt 0:00:07] BESTDEEP} Qf8 {[%emt 0:00:36] CPLX 3.3} 40. Qd4 {[%emt 0:02:47] CPLX 2.3 127 (Qe5-c7) (=21)} ({Better is} 40. Qc7 $16) 40... Qe7 {[%emt 0:00:31] RELBLUND 109 (Qf8-e8) (=23)} (40... Qe8 $1 $11 {remains equal.} 41. e4 Qb8) 41. e4 {[%emt 0:30:31] CPLX 3.7} Qc7 {[%emt 0:05:09][%cal Oc7g3] Inhibits Qb6. CPLX 2.9} 42. e5 {[%emt 0:00:00] CPLX 3.2 58 (Qd4-c5) (=22)} ({Much less strong is} 42. Nxb4 Qxg3+ 43. Kxg3 Ne2+ 44. Kf2 Nxd4 $11) ({White should play} 42. Qc5 $16 Qd7 43. Ke3 (43. Nxb4 $2 Qd2+ 44. Kf1 Qe2+ 45. Kg1 Qxf3 $19)) 42... Nb5 {[%emt 0:08:24] CPLX 2.3 61 (Qc7-a5) (=24)} ({Black should try} 42... Qa5 $1 $14 43. Nxb4 Qa1) 43. Qc5 $36 {[%emt 0:00:00][%mdl 2048] White is really pushing. BESTDEEP} Qd7 {[%emt 0:00:11] CPLX 2.5} 44. Ke3 {[%emt 0:00:00] CPLX 2.4} ({Don't blunder} 44. Nxb4 $2 Qd2+ 45. Kf1 Nd4 $19) 44... Nc3 $2 {[%emt 0:07:57][%mdl 8192] Loses the game. RELBLUND 400 (Nb5-a3) (=33)} (44... Na3 $16) 45. Nxb4 $18 {[%emt 0:00:00] CPLX 3.6=>BLUNDERREACT} Nd1+ {[%emt 0:00:07] CPLX 3.7 61 (Nc3-b1) (=33)} 46. Ke2 {[%emt 0:00:00] EASY} Nb2 {[%emt 0:00:07] BEVAL 400 (Qd7-b7) (=42)} 47. Nd5 {[%emt 0:00:00] Nf6+ would kill now. BEVAL} Kg7 {[%emt 0:01:19] BEVAL} 48. Kd2 {[%emt 0:00:00] BEVAL} Qh3 {[%emt 0:02:51] EVAL} 49. Qd4 {[%emt 0:00:00] White threatens e6+ and mate. EVAL} Qxg3 {[%emt 0:01:54] RELBLUND 400 (Kg7-h7) (=48)} 50. e6+ {[%emt 0:00:00][%cal Be5e6,Be6e7][%mdl 32] CPLX 4.0=>BLUNDERREACT} Kg8 {[%emt 0:00:04] RELBLUND 7 (Kg7-h7) (=47)} 51. e7 {[%emt 0:00:00] Weighted Error Value: White=0.18 (very precise) /Black=0.57} 1-0

[Event "1st Serbian League 2022"]
[Site "Vrnjacka Banja"]
[Date "2022.09.20"]
[Round "1.4"]
[White "Arsovic, Zoran"]
[Black "Kovacevic, Aleksandar"]
[Result "1/2-1/2"]
[ECO "D27"]
[WhiteElo "2362"]
[BlackElo "2471"]
[Annotator "TA"]
[PlyCount "57"]
[EventDate "2022.09.20"]
[EventType "team-tourn"]
[EventCountry "SRB"]
[SourceTitle "playchess.com"]
[Source "ChessBase"]
[SourceQuality "1"]
[TimeControl "40/5400+30:1800+30"]

1. Nf3 c5 2. c4 Nc6 3. Nc3 Nf6 4. e3 e6 5. d4 d5 6. a3 dxc4 7. Bxc4 a6 8. O-O b5 9. Bd3 cxd4 10. exd4 Be7 11. Bc2 Bb7 12. Re1 O-O 13. Qd3 {[%emt 0:07:30][%cal Od4d5] BESTDEEP} Re8 {[%emt 0:05:24] RELBLUND 100 (Qd8-c7) (=100). D27: Queen's Gambit Accepted: Classical main line: 7 e4!? and 7 a4.} (13... Qc7 $11 {remains equal.}) 14. d5 $1 $16 {[%emt 0:10:32] DEEPSTRONG=>BLUNDERREACT} exd5 {[%emt 0:08:42] EASY} 15. Bg5 {[%emt 0:00:45] And now Bxf6 would win. White has more active pieces. CPLX 3.3} Ne4 {[%emt 0:06:25] MISSDEEP-Kg8-f8 68 (Kg8-f8) (=56)} (15... Kf8 $16 {is a better defense.}) 16. Nxe4 $40 {[%emt 0:05:17][%mdl 128] Black is in trouble. CPLX 3.5} dxe4 {[%emt 0:00:42] RECAPT} 17. Qxe4 {[%emt 0:00:09] RECAPT} g6 {[%emt 0:00:30] [#] EASY} 18. Qh4 {[%emt 0:07:47] Threatens to win with Bb3. BESTDEEP} h5 {[%emt 0:04:07] CPLX 3.1} 19. Bb3 {[%emt 0:02:50] CPLX 2.7 14 (Ra1-d1) (=2)} Qc7 {[%emt 0:09:31][%cal Oc6a5] [#] DEEPSTRONG} 20. Rad1 $146 {[%emt 0:14:17] BESTDEEP} ({Predecessor:} 20. Qe4 Kg7 21. Bxf7 Kxf7 22. Bh6 Qd7 {0-1 (22) Solana Suarez,E (2315)-Jonkman,H (2320) Tenerife 1999}) 20... Bf8 $2 {[%emt 0:20:02][%mdl 8192] RELBLUND 385 (Be7xg5) (=69)} (20... Bxg5 $16 {is more resistant.} 21. Nxg5 (21. Qxg5 Kg7 $14) 21... Rxe1+ 22. Rxe1 Ne5) 21. Bf4 {[%emt 0:01:03] DEEPSTRONG=>BLUNDERREACT} Rxe1+ {[%emt 0:33:36] EASY} 22. Rxe1 {[%emt 0:01:28] RECAPT} Bd6 {[%emt 0:00:00] CPLX 2.7} 23. Qf6 {[%emt 0:09:04][%cal Of3g5] White wants to mate with Ng5! CPLX 2.6 9 (Qh4-g3) (=2)} Bxf4 {[%emt 0:00:00] EASY} 24. Qxg6+ {[%emt 0:00:07] EASY} Kf8 {[%emt 0:00:00] EASY} 25. Qxh5 {[%emt 0:01:18] CPLX 4.8 282 (Qg6-f6) (=23)} ({Much less strong is} 25. Qh7 Ne5 $18) (25. Qf6 Ne5 26. Qh8+ (26. Nxe5 Bxe5 27. Qxe5 Qxe5 $16) (26. Nd4 Re8 $17) 26... Ke7 27. Qxh5 (27. Qg7 Bxf3 28. Qxf7+ Kd6 $16)) 25... Kg7 {[%emt 0:00:00] CPLX 4.3=>BLUNDERREACT} 26. Qg4+ {[%emt 0:01:00][%mdl 1024] White has strong compensation. BESTDEEP} Kf8 {[%emt 0:00:00][%cal Oc6e5] EASY} 27. Qh5 {[%emt 0:03:47][%cal Rh5h8] Prevents Ne5. MISSDEEP-Qg4-h4 156 (Qg4-h4) (=31)} Kg7 {[%emt 0:00:00] Against Qh8+. RELBLUND=>BLUNDERREACT} 28. Qg4+ {[%emt 0:01:16] CPLX 4.2 154 (g2-g3) (=38)} Kf8 {[%emt 0:00:00][%cal Oc6e5] [#] EASY} 29. Qh5 $2 {[%emt 0:06:33] Against Ne5.  Weighted Error Value: White=0.49/Black=0.54} ({Only move:} 29. Qh4 $1 $16 Kg7 30. Qg4+) 1/2-1/2

[Event "1st Serbian League 2022"]
[Site "Vrnjacka Banja"]
[Date "2022.09.20"]
[Round "1.5"]
[White "Brenjo, Slavisa"]
[Black "Radusinovic, Lazar"]
[Result "1/2-1/2"]
[ECO "A16"]
[WhiteElo "2409"]
[BlackElo "2308"]
[Annotator "ChessBase"]
[PlyCount "48"]
[EventDate "2022.09.20"]
[EventType "team-tourn"]
[EventCountry "SRB"]
[SourceTitle "playchess.com"]
[Source "ChessBase"]
[SourceQuality "1"]
[TimeControl "40/5400+30:1800+30"]

1. Nf3 Nf6 2. c4 g6 3. Nc3 Bg7 4. g3 O-O 5. Bg2 d5 6. cxd5 Nxd5 7. h4 h6 8. O-O c5 9. Nxd5 Qxd5 10. d3 Nc6 11. Be3 Qh5 12. Rc1 b6 13. Qa4 Bd7 14. b4 Ne5 15. Qa3 cxb4 16. Qxb4 Nc6 17. Qe4 Rac8 18. Rc2 Qf5 19. Qxf5 Bxf5 20. Bd2 Nd4 21. Nxd4 Bxd4 22. Rfc1 Kg7 23. Rc7 Rxc7 24. Rxc7 a5 1/2-1/2

[Event "1st Serbian League 2022"]
[Site "Vrnjacka Banja"]
[Date "2022.09.20"]
[Round "1.6"]
[White "Todorovic, Goran N"]
[Black "Omorjan, Dejan"]
[Result "1/2-1/2"]
[ECO "B32"]
[WhiteElo "2305"]
[BlackElo "2265"]
[Annotator "TA"]
[PlyCount "52"]
[EventDate "2022.09.20"]
[EventType "team-tourn"]
[EventCountry "SRB"]
[SourceTitle "playchess.com"]
[Source "ChessBase"]
[SourceQuality "1"]
[TimeControl "40/5400+30:1800+30"]

1. e4 c5 2. Nf3 Nc6 3. d4 cxd4 4. Nxd4 e5 5. Nb5 d6 6. N1c3 a6 7. Na3 b5 8. Nd5 Nge7 9. Bd3 {[%emt 0:02:04] B32: Sicilian: Löwenthal and Kalashnikov Variations.} Nxd5 10. exd5 Ne7 11. c4 $1 {[%emt 0:03:09] White is slightly better. 11.c4 is better than 11.0-0.} g6 12. cxb5 Bg7 13. O-O O-O 14. Bg5 f6 {[%emt 0:09:42] [#]} 15. Bd2 $146 ({Predecessor:} 15. Be3 f5 16. Qb3 f4 17. Bd2 f3 18. g3 Qd7 19. Rfc1 Qh3 20. Bf1 Qh5 21. b6 {0-1 (55) Hagner,B (2046)-Muetsch,A (2236) Neustadt an der Weinstrasse 2020}) 15... f5 16. Qa4 e4 17. Be2 (17. Bc4 $1 $14) 17... f4 18. Qxe4 {[%emt 0:08:34] aiming for Bc3.} Nf5 ({Better is} 18... Bxb2 $11 19. Bb4 Bxa1 20. Rxa1 f3 21. Bxf3 Nf5) 19. Nc2 ({Avoid the trap} 19. Qxf4 $2 Nd4 20. Qe3 Re8 $19) ({Reject} 19. Bxf4 Bxb2 20. Nc2 Bxa1 21. Rxa1 Re8 $15) (19. Bc3 $14) 19... axb5 $1 $11 20. Qd3 ({Much worse is} 20. Qxf4 {[#]} Nd4 $1 21. Qxd4 Bxd4 22. Nxd4 Qf6 $17) 20... Bxb2 21. Rab1 Be5 22. Bc3 (22. Rb4 $11) 22... Bxc3 23. Qxc3 Rxa2 {[%emt 0:01:09] Threatens to win with ...Nh4.} 24. Bxb5 f3 {[%emt 0:01:07] [#] Hoping for ...fxg2.} 25. g3 Qa5 26. Qxa5 (26. Nb4 $5 Ra3 27. Qc4 $14) 26... Rxa5 {[%emt 0:00:06] Weighted Error Value: White=0.19 (very precise) /Black=0.13 (very precise)} 1/2-1/2

[Event "1st Serbian League 2022"]
[Site "Vrnjacka Banja"]
[Date "2022.09.20"]
[Round "1.7"]
[White "Yilmazyerli, Mert"]
[Black "Indjic, Aleksandar"]
[Result "1/2-1/2"]
[ECO "A30"]
[WhiteElo "2533"]
[BlackElo "2628"]
[Annotator "TA"]
[PlyCount "113"]
[EventDate "2022.09.20"]
[EventType "team-tourn"]
[EventCountry "SRB"]
[SourceTitle "playchess.com"]
[Source "ChessBase"]
[SourceQuality "1"]
[TimeControl "40/5400+30:1800+30"]

1. Nf3 Nf6 2. g3 c5 3. Bg2 Nc6 4. c4 d5 5. cxd5 Nxd5 6. d4 cxd4 7. Nxd4 Ndb4 8. Nxc6 Qxd1+ 9. Kxd1 Nxc6 10. Bxc6+ bxc6 11. Nc3 e5 {[%emt 0:00:08] CPLX 2.0. The position is equal.} 12. Be3 {[%emt 0:02:15] A30: Symmetrical English: Double Fianchetto and Hedgehog.} Bf5 13. f3 Bb4 {[%emt 0:01:23] [#]} 14. Ke1 $146 {[%emt 0:07:40] BESTDEEP} ({Predecessor:} 14. Rc1 Ke7 15. Ke1 Rhb8 16. b3 Ba3 17. Rd1 Bb4 18. Rc1 Ba3 19. Rd1 Bb4 20. Bd2 {0-1 (36) Sunilduth Lyna,N (2658)-Paravyan,D (2617) Chess.com INT 2022}) 14... Bxc3+ {[%emt 0:01:25] CPLX 2.3} 15. bxc3 {[%emt 0:00:04] RECAPT} f6 {[%emt 0:00:08] CPLX 2.0} 16. Kf2 Kf7 {[%emt 0:00:07] CPLX 2.0} 17. Rhd1 a5 {[%emt 0:03:05] BESTDEEP} 18. a4 Rab8 {[%emt 0:00:24] BESTDEEP} 19. g4 Be6 {[%emt 0:01:58] CPLX 2.2} 20. Rab1 {[%emt 0:02:14] CPLX 2.0} h5 21. Rxb8 Rxb8 {[%emt 0:00:20] RECAPT} 22. gxh5 $11 {[%emt 0:00:03][%mdl 4096] Endgame KRB-KRB. CPLX 2.0} Rb3 {[%emt 0:00:10] CPLX 2.0} 23. Rd8 Rxc3 {[%emt 0:00:38] BESTDEEP} 24. Ra8 {[%emt 0:01:14] CPLX 2.1} Rc2 {[%emt 0:00:08] CPLX 2.1} 25. Ke1 Ra2 {[%emt 0:13:38] BESTDEEP} 26. Rxa5 Bc4 {[%emt 0:02:34] BESTDEEP} 27. Bd2 {[%emt 0:00:50] BESTDEEP} Ra1+ {[%emt 0:00:11] CPLX 2.1} 28. Kf2 {[%emt 0:00:05] EASY} Rh1 {[%emt 0:01:50] CPLX 2.1 21 (Ra1-a2) (=1)} 29. Rc5 {[%emt 0:03:32] CPLX 2.1 21 (Ra5-a7) (=1)} Rxh2+ {[%emt 0:01:32] EASY} 30. Kg3 {[%emt 0:01:27] CPLX 2.0} Rxe2 {[%emt 0:00:09] EASY} 31. Rxc4 {[%emt 0:00:07] CPLX 2.6} Rxd2 {[%emt 0:00:05] EASY} 32. Rxc6 {[%emt 0:00:05] KR-KR. EASY} Rd3 {[%emt 0:03:08] CPLX 2.0} 33. Kg2 {[%emt 0:05:10] CPLX 2.0 0 (a4-a5) (=1)} Ra3 {[%emt 0:00:29] CPLX 2.0} 34. Ra6 {[%emt 0:00:34] BESTDEEP} Kg8 {[%emt 0:00:44] CPLX 2.0 0 (f6-f5) (=1)} 35. h6 {[%emt 0:01:08] CPLX 2.0} Kh7 {[%emt 0:00:39] CPLX 2.0 0 (g7xh6) (=1)} 36. hxg7 {[%emt 0:00:18] EASY} Kxg7 {[%emt 0:00:06] RECAPT} 37. Ra8 {[%emt 0:03:08] CPLX 2.0 0 (Kg2-g3) (=1)} Kg6 {[%emt 0:09:55] CPLX 2.0} 38. Rg8+ {[%emt 0:00:53] BESTDEEP} Kf7 {[%emt 0:00:08] CPLX 2.0 0 (Kg6-f5) (=1)} 39. Rg4 {[%emt 0:01:04] CPLX 2.0 8 (Rg8-a8) (=1)} f5 {[%emt 0:00:07] CPLX 2.0} 40. Rb4 {[%emt 0:00:31] CPLX 2.0} Kf6 {[%emt 0:00:24] CPLX 2.0} 41. Kf2 $1 {[%emt 0:34:30] CPLX 2.0} Ra2+ {[%emt 0:32:12] CPLX 2.0 8 (f5-f4) (=1)} 42. Kg3 {[%emt 0:05:06] CPLX 2.0} f4+ {[%emt 0:02:02] CPLX 2.0 0 (Kf6-e6) (=1)} 43. Kh3 $1 {[%emt 0:00:30] DEEPSTRONG} Kf5 {[%emt 0:00:25] CPLX 2.0} 44. Rc4 {[%emt 0:01:58] CPLX 2.0 1 (Rb4-b8) (=1)} Ra3 {[%emt 0:00:55] CPLX 2.0} 45. Kg2 {[%emt 0:00:31] EASY} Kg5 {[%emt 0:00:09] CPLX 2.0 0 (Ra3-a1) (=1)} 46. Re4 {[%emt 0:07:27] CPLX 2.0 0 (Rc4-b4) (=1)} Kh4 {[%emt 0:00:31] CPLX 2.0 0 (Kg5-f6) (=1)} 47. Rxe5 {[%emt 0:01:24] CPLX 2.0} Ra2+ {[%emt 0:00:09] CPLX 2.0} 48. Kg1 {[%emt 0:00:38] CPLX 2.0 0 (Kg2-f1) (=1)} Kg3 {[%emt 0:04:12] [#] ( -> ...Ra1+). CPLX 2.0} 49. Rg5+ {[%emt 0:00:25] BESTDEEP} Kxf3 {[%emt 0:00:08] EASY} 50. Rb5 {[%emt 0:00:03] BESTDEEP} Ra1+ {[%emt 0:00:47] CPLX 2.0} 51. Kh2 {[%emt 0:00:05] EASY} Ke2 {[%emt 0:08:16] CPLX 2.0 8 (Ra1-a3) (=1)} 52. Rb2+ $1 {[%emt 0:01:04] DEEPSTRONG} Kf1 {[%emt 0:00:27] CPLX 2.0 0 (Ke2-d3) (=1)} 53. Rb3 {[%emt 0:04:12] CPLX 2.0} Rxa4 {[%emt 0:00:59] CPLX 2.0 0 (Kf1-f2) (=1)} 54. Rb1+ {[%emt 0:00:58] CPLX 2.0 8 (Kh2-h3) (=1)} Ke2 {[%emt 0:00:08] CPLX 2.0} 55. Rb2+ {[%emt 0:00:04] CPLX 2.0 0 (Rb1-b3) (=1)} Ke3 {[%emt 0:00:22] CPLX 2.0 8 (Ke2-f3) (=1)} 56. Rb3+ {[%emt 0:00:04] CPLX 2.0 8 (Kh2-h3) (=1)} Ke4 {[%emt 0:00:40] CPLX 2.0 8 (Ke3-f2) (=1)} 57. Kg2 {[%emt 0:00:10] A rather calm draw.  Weighted Error Value: White=0.01 (flawless) /Black=0.01 (flawless)} 1/2-1/2